 Dungeon Crawl Stone Soup version 0.25.1-2-g60ff931df9 (webtiles) character file.

Game seed: 17572847706372126723

112 growler the Gusty (level 4, -1/24 HPs)
             Began as a Tengu Air Elementalist on Oct 4, 2020.
             Slain by Sigmund
             ... wielding a +0 scythe
              (5 damage)
             ... on level 2 of the Dungeon.
             The game lasted 00:11:32 (2512 turns).

growler the Gusty (Tengu Air Elementalist)          Turns: 2512, Time: 00:11:32

Health: -1/24      AC:  2    Str:  8    XL:     4   Next: 95%
Magic:  3/8        EV: 12    Int: 16    God:
Gold:   80         SH:  0    Dex: 15    Spells: 1/7 levels left

rFire    . . .     SeeInvis .   (no weapon)
rCold    . . .     Gourm    .   (no shield)
rNeg     . . .     Faith    .   h - -1 leather armour (curse)
rPois    .         Spirit   .   (helmet restricted)
rElec    .         Reflect  .   (no cloak)
rCorr    .         Harm     .   (no gloves)
MR       .....                  (boots unavailable)
Stlth    ++........             (no amulet)
HPRegen  0.08/turn              (no ring)
MPRegen  0.11/turn              (no ring)

@: no status effects
A: beak, talons 3
a: no special abilities


You were on level 2 of the Dungeon.
You were not hungry.

You visited 1 branch of the dungeon, and saw 2 of its levels.

You collected 80 gold pieces.

Inventory:

Armour
 a - a +0 robe
 h - a cursed -1 leather armour (worn)
   (You found it on level 2 of the Dungeon)
Jewellery
 z - an uncursed ring of see invisible
   (You took it off a goblin on level 2 of the Dungeon)
Scrolls
 c - 2 scrolls of enchant armour {unknown}
 d - a scroll of blinking {unknown}
 k - a scroll of teleportation {unknown}
 m - a scroll of amnesia {unknown}
 n - a scroll of identify {unknown}
Potions
 b - a potion of lignification {unknown}
 f - a potion of mutation {unknown}
 g - a potion of flight {unknown}
 j - a potion of ambrosia {unknown}
 l - a potion of curing {unknown}
 o - a potion of brilliance {unknown}
 p - a potion of haste {unknown}
Comestibles
 e - 3 rations {!d}
 i - 2 chunks of flesh


   Skills:
 - Level 2.1 Dodging
 - Level 2.0 Stealth
 - Level 2.0 Spellcasting
 + Level 4.3 Conjurations
 + Level 5.8 Air Magic


You had one spell level left.
You knew the following spells:

 Your Spells              Type           Power        Failure   Level  Hunger
a - Shock                 Conj/Air       ###.         3%          1    #......
d - Static Discharge      Conj/Air       ###.....     11%         3    ###....
s - Swiftness             Chrm/Air       ##......     14%         2    ###....

Your spell library contained the following spells:

 Spells                   Type           Power        Failure   Level  Hunger
 Airstrike                Air            ###.......   26%         4    #####..
 Lightning Bolt           Conj/Air       ###.......   71%         5    ######.


Dungeon Overview and Level Annotations

Branches:
Dungeon (2/15)

Altars:

Annotations:
D:2 Sigmund


Innate Abilities, Weirdness & Mutations

You have a beak for a mouth.
You have claws for feet.


Message History

Some of the chunks of flesh in your inventory have rotted away.
e - 3 rations {!d} (gained 1)
A leopard gecko comes into view.
Found a +0 club.
Aim: a leopard gecko (asleep)
The zap hits the leopard gecko!
You kill the leopard gecko!
You can't see any susceptible monsters within range! (Use Z to cast anyway.) Unknown command.
You butcher the leopard gecko corpse.
i - 3 chunks of flesh (gained 2)
You see here a leopard gecko skeleton. x2
Sigmund is too close now for your liking.
The zap hits Sigmund.
Sigmund shouts!
The zap hits Sigmund.
A worm comes into view.
Sigmund casts a spell at you. The magic dart hits you!
A giant cockroach comes into view.
Sigmund hits you with a +0 scythe!
* * * LOW HITPOINT WARNING * * *
The spell is quite dangerous to cast (11% risk of failure)!
Continue anyway?
Sigmund is struck by an arc of lightning!
You are struck by an arc of lightning.
* * * LOW HITPOINT WARNING * * *
The lightning grounds out.
Sigmund closely misses you.
The spell is quite dangerous to cast (11% risk of failure)!
Continue anyway?
Sigmund is struck by an arc of lightning.
You are struck by an arc of lightning.
* * * LOW HITPOINT WARNING * * *
The lightning grounds out.
Sigmund casts a spell.
Sigmund flickers and vanishes!
Deactivating autopickup; reactivate with Ctrl-A.
The zap misses the worm.
The zap hits the worm.
Something hits you.
* * * LOW HITPOINT WARNING * * *
The giant cockroach bites you but does no damage.
The giant cockroach barely misses you. The giant cockroach barely misses you.
The giant cockroach waves its antennae.
Some of the chunks of flesh in your inventory have rotted away.
The giant cockroach closely misses you.
There is an escape hatch in the ceiling here.
The giant cockroach completely misses you.
There is a stone staircase leading up here.
The giant cockroach misses you. Something hits you.
You die...

.###### #.########.#.#
.# #.# #.#.# # .#
#.#### ##.#.# #r# .#
#######....####....#
.@ ..
>(.......<.....#...#
#.# ###
######.##.##.###....)#
#.. #.##{###.# #.##.#
#.##s# #.# .# .[.
###.##@# #.# .# #.#
#...##.# #.# .# ##.###
#.####.# #)# #.....
#.# ##.## #.# ###..###
#.# #...###.# ........
#.#
#.....#.######..###
#(#
#...#...........###
#.#
#######..>..##....)
###########.#
#####.##.....


You could see a giant cockroach.

Vanquished Creatures
  Jessica (D:2)
  Robin (D:2)
  An adder (D:2)
  3 leopard geckos
  4 giant cockroaches
  12 goblins
  10 hobgoblins
  4 bats
  12 frilled lizards
  9 kobolds
  6 rats
63 creatures vanquished.

Notes
Turn   | Place    | Note
-------+----------+-------------------------------------------
     0 | D:1      | growler the Tengu Air Elementalist began the quest for the
                  | Orb.
     0 | D:1      | Reached XP level 1. HP: 10/10 MP: 4/4
   252 | D:1      | Reached XP level 2. HP: 14/15 MP: 1/6
   256 | D:1      | Learned a level 2 spell: Swiftness
   658 | D:1      | Reached XP level 3. HP: 19/19 MP: 1/7
   732 | D:1      | Learned a level 3 spell: Static Discharge
   921 | D:1      | Reached skill level 5 in Air Magic
  1237 | D:2      | Noticed Jessica
  1244 | D:2      | Killed Jessica
  1244 | D:2      | Reached XP level 4. HP: 21/24 MP: 4/8
  1348 | D:2      | Noticed Sigmund
  1653 | D:2      | Noticed Robin
  1656 | D:2      | Killed Robin
  2485 | D:2      | HP: 1/24 [something (1)]
  2512 | D:2      | Slain by Sigmund

Illustrated notes

Levels and vault maps discovered:
D:1:      tarquinn_simple_flora_water_d, layout_basic, minmay_lizard_king
D:2:      layout_loops_ring, first_ration, kennysheep_generic_room_16,
          uniq_robin, uniq_jessica, uniq_sigmund

Skill      XL: |  1  2  3  4 |
---------------+-------------+-----
Conjurations   | 2 3 4 |  4.3
Air Magic      | 5 |  5.8
Dodging        | |  2.1
Stealth        | |  2.0
Spellcasting   | |  2.0

Action                   |  1- 3 |  4- 6 || total
-------------------------+-------+-------++-------
Melee: Unarmed           |    12 |     7 ||    19
       Kick              |     5 |     3 ||     8
       Peck              |     1 |     2 ||     3
 Cast: Shock             |    66 |    52 ||   118
       Static Discharge  |       |     4 ||     4
  Eat: Chunk             |     2 |     5 ||     7
Armor: Robe              |     2 |       ||     2
       Leather armour    |       |     5 ||     5
Dodge: Dodged            |    12 |    26 ||    38
